 Dungeon Crawl Stone Soup version 0.30.0-15-g856e2d3f33 (webtiles) character file.

Game seed: 3450955841252913713

18 hawla the Firebug (level 3, -3/26 HPs)
             Began as a Meteoran Fire Elementalist on May 19, 2023.
             Slain by a phantom (4 damage)
             ... on level 4 of the Dungeon.
             The game lasted 00:02:17 (197 turns).

hawla the Firebug (Meteoran Fire Elementalist)       Turns: 197, Time: 00:02:17

Health: -3/26      AC:  3    Str: 10    XL:     3   Next: 8%
Magic:  6/8        EV: 12    Int: 18    God:
Gold:   60         SH:  0    Dex: 14    Spells: 5/8 levels left

rFire   . . .        (no weapon)
rCold   . . .        (no shield)
rNeg    . . .        a - +0 robe
rPois   .            (no helmet)
rElec   .            (no cloak)
rCorr   .            e - +0 pair of gloves
SInv    .            (no boots)
Will    .....        (no amulet)
Stlth   +            (no ring)
HPRegen 0.24/turn    (no ring)
MPRegen 0.11/turn

%: no passive effects
@: glowing
A: sense surroundings 1, otherworldly, glowing, explore regen
a: no special abilities


You were on level 4 of the Dungeon.
You visited 1 branch of the dungeon, and saw 3 of its levels.

You collected 60 gold pieces.

Inventory:

Armour
 a - a +0 robe (worn)
 e - a +0 pair of gloves (worn)
Scrolls
 c - a scroll of brand weapon {unknown}
 d - a scroll of identify {unknown}


   Skills:
 + Level 2.5 Dodging
 - Level 1.4 Stealth
 + Level 3.2 Spellcasting
 + Level 1.3 Conjurations
 + Level 4.3 Fire Magic


You had 5 spell levels left.
You knew the following spells:

 Your Spells              Type           Power      Damage    Failure   Level
a - Foxfire               Conj/Fire      52%        2x1d6     4%          1
b - Scorch                Fire           36%        2d6       4%          2

Your spell library contained the following spells:

 Spells                   Type           Power      Damage    Failure   Level
 Shock                    Conj/Air       20%        1d4       12%         1
 Inner Flame              Hex/Fire       10%        N/A       21%         3
 Volatile Blastmotes      Fire/Tloc      20%        2d11      21%         3
 Swiftness                Air            2%         N/A       43%         3
 Flame Wave               Conj/Fire      13%        2d6       45%         4
 Airstrike                Air            1%         2d(1-17)  85%         4


Dungeon Overview and Level Annotations

Branches:
Dungeon (2/15) Zot: 1602

Altars:
Okawaru


Innate Abilities, Weirdness & Mutations

You passively map a small area around you.
You are easily found by Zot.
You glow in the dark.
You regain HP and MP as you explore.


Message History

You closely miss the phantom.
The phantom is severely damaged.
The foxfire hits the phantom but does no damage.
The phantom is severely damaged.
The phantom hits you.
Unknown command.
The phantom hits you but does no damage.
You open the door.
A goblin comes into view. It is wielding a +0 club.
The goblin shouts!
The phantom hits you.
The phantom blinks!
You blink.
Found a scroll labelled DAXEST XUVVIO and a fuming brown potion.
The goblin barely misses you. The phantom attacks as you move away!
The phantom hits you but does no damage.
The goblin barely misses you. The phantom attacks as you move away!
The phantom hits you. The goblin hits you with a +0 club.
* * * LOW HITPOINT WARNING * * *
Casting: Foxfire (safe; 4% risk of failure)
Confirm with . or Enter, or press ? or * to list all spells.
You conjure some foxfire!
The goblin hits you with a +0 club.
* * * LOW HITPOINT WARNING * * *
The phantom hits you.
* * * LOW HITPOINT WARNING * * *
The phantom blinks!
You blink.
Okay, then.
Magic courses through your body.
The foxfire hits the goblin.
The goblin is moderately wounded.
The foxfire hits the goblin.
You kill the goblin!
The phantom barely misses you.
Unknown command.
Casting: Foxfire (safe; 4% risk of failure)
Confirm with . or Enter, or press ? or * to list all spells.
Flames lash the phantom.
The phantom is severely damaged.
The phantom's fire resistance burns away.
The phantom hits you.
You die...

#.# ,, ..#,,,,, *..
###.# #.# , .# ,
....#####+###.#, , .. ,
..).§.......#.###+####.#
#...........'........#.#
#.###.......#####.##.#.#
#.# #.......#####+##'#.#
#.# ###....#..?........#
..# #....#...W@...)..#
### #....+....!......#
#....#........§..#
################## ,* *
, , * * * , ,,


You could see a phantom (combustible).

Vanquished Creatures
  An adder (D:2)
  A dart slug (D:2)
  2 ball pythons
  A hobgoblin (D:2)
  2 goblins (D:4)
  A rat (D:2)
8 creatures vanquished.

Vanquished Creatures (others)
  31 foxfires
31 creatures vanquished.

Grand Total: 39 creatures vanquished

Notes
Turn   | Place    | Note
-------+----------+-------------------------------------------
     0 | D:1      | hawla the Meteoran Fire Elementalist began the quest for
                  | the Orb.
     0 | D:1      | Reached XP level 1. HP: 14/14 MP: 5/5
    50 | D:2      | Reached skill level 4 in Fire Magic
    50 | D:2      | Reached XP level 2. HP: 20/20 MP: 0/6
   148 | D:2      | You fall into a shaft and drop 2 floors!
   148 | D:4      | Found an iron altar of Okawaru.
   152 | D:4      | Learned a level 2 spell: Scorch
   166 | D:4      | Reached XP level 3. HP: 26/26 MP: 5/8
   172 | D:4      | Noticed a phantom
   195 | D:4      | HP: 1/26 [phantom (5)]
   197 | D:4      | Slain by a phantom

Illustrated notes

Levels and vault maps discovered:
D:1:      lightli_arrival_chessboard, layout_basic, chequers_avenue,
          minmay_misc_feat_four_crosses
D:2:      layout_rooms
D:4:      layout_basic, lemuel_tele_altar, mainiacjoe_overflow_surrounded_room,
          fedhas_altar_1, serial_curves, eino_curves_01, eino_curves_02,
          nicolae_stop_n_shop_2, hangedman_feature_mirror,
          kennysheep_small_square

Skill      XL: |  1  2 |
---------------+-------+-----
Fire Magic     | 4 |  4.3
Spellcasting   | 3 |  3.2
Dodging        | |  2.5
Stealth        | |  1.4
Conjurations   | |  1.3

Action                     || total
---------------------------++-------
  Melee: Unarmed           ||     3
   Cast: Foxfire           ||    17
         Scorch            ||     2
    Use: Potion            ||     1
 Armour: Robe              ||     6
  Dodge: Dodged            ||    11
